 Dungeon Sprint DCSS version 0.19.0-18-g426998a (webtiles) character file.

1906 Dipster the Brawler (level 8, -2/74 HPs)
             Began as a Troll Monk on Nov 11, 2016.
             Was an Elder of Uskayaw.
             Slain by a spiny frog (14 damage)
             ... in the Dungeon (Sprint IX: "|||||||||||||||||||||||||||||").
             The game lasted 00:01:55 (649 turns).

Dipster the Brawler (Troll Monk)                     Turns: 649, Time: 00:01:55

Health: -2/74      AC:  6    Str: 22    XL:     8   Next: 94%
Magic:  7/7        EV: 14    Int:  6    God:    Uskayaw [****..]
Gold:   0          SH:  0    Dex: 12    Spells: 0 memorised, 7 levels left

rFire  . . .     SeeInvis .       - Unarmed
rCold  . . .     Gourm    +     a - +0 robe
rNeg   . . .     Faith    .     (no shield)
rPois  .         Spirit   .     (helmet restricted)
rElec  .         Reflect  .     m - +0 cloak
rCorr  .         Harm     .     (gloves unavailable)
MR     .....     NoTele   +     (boots unavailable)
Stlth  ++........               (no amulet)
                                o - +2 ring of evasion
                                n - +2 ring of evasion

@: very slightly contaminated, hasted, very quick
A: unfitting armour, claws 3, fast metabolism 3, gourmand, regeneration 1,
shaggy fur 1, tough skin 2
a: Stomp, Line Pass, Renounce Religion


You were in the Dungeon.
You worshipped Uskayaw.
Uskayaw was noncommittal.
You were not hungry.

You visited 1 branch

Inventory:

Armour
 a - a +0 robe (worn)
 m - a +0 cloak (worn)
Jewellery
 n - a +2 ring of evasion (left claw)
 o - a +2 ring of evasion (right claw)
Wands
 l - a wand of iceblast (2/15)
Scrolls
 h - 4 scrolls of blinking
 j - 4 scrolls of remove curse
 k - 2 scrolls of amnesia
 q - a scroll of fog
 r - a scroll of recharging
Potions
 c - 6 potions of curing
 d - 5 potions of heal wounds
 f - 4 potions of magic
 g - 2 potions of berserk rage
 i - a potion of invisibility
 p - 2 potions of resistance
Comestibles
 b - 2 bread rations


   Skills:
 - Level 2.4 Fighting
 - Level 2.4 Dodging
 - Level 1.0 Stealth
 + Level 18.6 Unarmed Combat


You had 7 spell levels left.
You didn't know any spells.

Dungeon Overview and Level Annotations

Branches:
Dungeon (1/1)

Altars:
Cheibriados
Dithmenos
Elyvilon
Fedhas
Gozag
Hepliaklqana
Kikubaaqudgha
Makhleb
Nemelex Xobeh
Okawaru
Qazlal
Ru
Sif Muna
Trog
Uskayaw
Vehumet
Xom
Yredelemnul
Zin
The Shining One
Beogh
Jiyva
Lugonu


Innate Abilities, Weirdness & Mutations

You are too large for most types of armour.
You have claws for hands.
Your metabolism is lightning-fast.
You like to eat raw meat.
Your natural rate of healing is unusually fast.
You are covered in fur. (AC +1)
You have very tough skin. (AC +2)


Message History

This wand has 2 charges left.
Uskayaw will force your foes to share their pain.
Uskayaw links your audience in an emotional bond!
You barely miss the spiny frog. Your claw misses the spiny frog.
The spiny frog is almost dead.
The spiny frog closely misses you.
You scratch the spiny frog but do no damage.
The spiny frog is almost dead.
You claw the spiny frog!
You kill the spiny frog!
The spiny frog is no longer sharing its pain.
The komodo dragon is no longer sharing its pain.
The spiny frog stings you!!
* * * LOW HITPOINT WARNING * * *
Things that are here:
a spiny frog corpse; a hydra corpse You scratch the spiny frog but do no damage.
The spiny frog is moderately wounded.
The spiny frog stings you!
You die...

▓▓▓▓▓▓▓▓▓▓▓▓▓▓▓▓▓▓▓▓▓▓▓▓▓▓▓▓▓
▓.......'...@Fl:t.F...'..t.FY
▓.▓▓▓▓▓▓▓▓▓▓▓▓▓▓▓▓▓▓▓▓▓▓▓▓▓▓▓
▓............................
▓▓▓▓▓▓▓▓▓▓▓▓▓▓▓▓▓▓▓▓▓▓▓▓▓▓▓▓▓
▓<...')....')....'___________
▓▓▓▓▓▓▓▓▓▓▓▓▓▓▓▓▓▓▓▓▓▓▓▓▓▓▓▓▓


You could see a komodo dragon, 2 spiny frogs and a crocodile.

Vanquished Creatures
  A hydra (D)
  A spiny frog (D)
  A komodo dragon (D)
  A hippogriff (D)
  A wyvern (D)
  A centaur (D)
  A crocodile (D)
  A big kobold (D)
  A scorpion (D)
  A crimson imp (D)
  A hound (D)
  An orc wizard (D)
  A shadow imp (D)
  A leopard gecko (D)
  An orc (D)
  2 bat zombies (D)
  A giant cockroach (D)
  2 goblins (D)
  A jackal (D)
  A ball python zombie (D)
  A giant cockroach zombie (D)
  2 rats (D)
25 creatures vanquished.

Notes
Turn   | Place    | Note
-------+----------+-------------------------------------------
     0 | D        | Dipster the Troll Monk began the quest for the Orb.
     0 | D        | Reached XP level 1. HP: 22/22 MP: 0/0
     6 | D        | Reached skill level 4 in Unarmed Combat
   125 | D        | Noticed a crimson imp
   127 | D        | Reached skill level 5 in Unarmed Combat
   127 | D        | Reached XP level 2. HP: 29/29 MP: 1/1
   129 | D        | Killed a crimson imp
   129 | D        | Reached skill level 7 in Unarmed Combat
   129 | D        | Reached XP level 3. HP: 36/36 MP: 2/2
   247 | D        | Found a roughly hewn altar of Beogh.
   247 | D        | Found a snail-covered altar of Cheibriados.
   247 | D        | Found a shadowy altar of Dithmenos.
   247 | D        | Found a white marble altar of Elyvilon.
   247 | D        | Found a blossoming altar of Fedhas.
   247 | D        | Found an opulent altar of Gozag.
   248 | D        | Found a hazy altar of Hepliaklqana.
   249 | D        | Found a viscous altar of Jiyva.
   250 | D        | Found an ancient bone altar of Kikubaaqudgha.
   251 | D        | Found a corrupted altar of Lugonu.
   252 | D        | Found a burning altar of Makhleb.
   253 | D        | Found a sparkling altar of Nemelex Xobeh.
   254 | D        | Found an iron altar of Okawaru.
   255 | D        | Found a stormy altar of Qazlal.
   256 | D        | Found a sacrificial altar of Ru.
   257 | D        | Found a deep blue altar of Sif Muna.
   258 | D        | Found a bloodstained altar of Trog.
   259 | D        | Found a hide-covered altar of Uskayaw.
   260 | D        | Found a radiant altar of Vehumet.
   261 | D        | Found a shimmering altar of Xom.
   262 | D        | Found a basalt altar of Yredelemnul.
   263 | D        | Found a glowing silver altar of Zin.
   264 | D        | Found a glowing golden altar of the Shining One.
   275 | D        | Became a worshipper of Uskayaw the Reveler
   275 | D        | Reached * piety under Uskayaw
   308 | D        | Noticed a big kobold
   308 | D        | Noticed a centaur
   316 | D        | Reached ** piety under Uskayaw
   321 | D        | Killed a big kobold
   321 | D        | Reached skill level 9 in Unarmed Combat
   321 | D        | Reached XP level 4. HP: 40/44 MP: 3/3
   321 | D        | Reached *** piety under Uskayaw
   324 | D        | Reached **** piety under Uskayaw
   325 | D        | Killed a centaur
   325 | D        | Reached skill level 11 in Unarmed Combat
   325 | D        | Reached XP level 5. HP: 45/50 MP: 4/4
   332 | D        | Reached skill level 12 in Unarmed Combat
   332 | D        | Reached ***** piety under Uskayaw
   354 | D        | Noticed a hippogriff
   354 | D        | Noticed a wyvern
   354 | D        | Noticed a crocodile
   362 | D        | Killed a hippogriff
   362 | D        | Reached skill level 14 in Unarmed Combat
   362 | D        | Reached XP level 6. HP: 51/59 MP: 5/5
   374 | D        | Killed a wyvern
   374 | D        | Reached skill level 15 in Unarmed Combat
   374 | D        | Reached XP level 7. HP: 48/66 MP: 6/6
   376 | D        | Reached ****** piety under Uskayaw
   621 | D        | Noticed a komodo dragon
   621 | D        | Noticed a spiny frog
   621 | D        | Noticed a four-headed hydra
   621 | D        | Noticed a spiny frog
   621 | D        | Noticed a komodo dragon
   624 | D        | Killed a komodo dragon
   624 | D        | Reached skill level 16 in Unarmed Combat
   626 | D        | Noticed a spiny frog
   628 | D        | Noticed a yak
   643 | D        | Killed a four-headed hydra
   643 | D        | Reached skill level 18 in Unarmed Combat
   643 | D        | Reached XP level 8. HP: 30/74 MP: 7/7
   647 | D        | Killed a spiny frog
   649 | D        | Slain by a spiny frog

Skill      XL: |  1  2  3  4  5  6  7 |
---------------+----------------------+-----
Unarmed Combat | 5 7 9 11 14 15 18 | 18.6
Fighting       | |  2.4
Dodging        | |  2.4
Stealth        | |  1.0

Action                   |  1- 3 |  4- 6 |  7- 9 || total
-------------------------+-------+-------+-------++-------
Melee: Unarmed           |    27 |    29 |    11 ||    67
       Punch             |       |       |     1 ||     1
Evoke: Wand              |       |       |     5 ||     5
  Use: Potion            |       |       |     1 ||     1
 Stab: Distracted        |     1 |       |       ||     1
       Paralysed         |       |     2 |       ||     2
  Eat: Chunk             |     3 |       |       ||     3
Armor: Robe              |     7 |     5 |       ||    12
Dodge: Dodged            |    12 |    16 |     7 ||    35
